 Dungeon Crawl Stone Soup version 0.25-a0-189-gf71692caf1 (webtiles) character file.

Game seed: 945573954837365371, levelgen mode: classic

410818 EnegeticOcto the Champion of Chaos (level 22, -28/225 HPs)
             Began as a Deep Dwarf Fighter on Nov 29, 2019.
             Was the Champion of Makhleb.
             Annihilated by an Orb Guardian (30 damage)
             ... on level 5 of the Realm of Zot.
             The game lasted 00:32:15 (25253 turns).

EnegeticOcto the Champion of Chaos (DDFi)          Turns: 25253, Time: 00:32:16

Health: -28/225    AC: 35    Str: 31      XL:     22   Next: 14%
Magic:  21/21 (12) EV: 22    Int:  9 (10) God:    Makhleb [******]
Gold:   2497       SH: 33    Dex: 18      Spells: 21/21 levels left

rFire    + + +     SeeInvis +   a - +6 broad axe (freeze)
rCold    . . .     Gourm    .   h - +5 large shield
rNeg     + . .     Faith    .   W - +1 plate armour of Mumblety Peg {rElec rF+++ MP+9 Stlth-}
rPois    +         Spirit   .   S - +2 helmet {SInv}
rElec    +         Reflect  +   H - +2 cloak {rPois}
rCorr    .         Harm     .   D - +2 pair of gloves
MR       ++++.                  C - +2 pair of boots
Stlth    ..........             Y - +5 amulet of reflection
HPRegen  0.00/turn              u - +3 ring of dexterity
MPRegen  0.17/turn              y - +2 ring of protection

@: agile, non-regenerating, studying Shields
A: damage resistance, heal wounds, clumsy 1, deterioration 1, magic resistance
1, negative energy resistance 1, sense surroundings 3, robust 1, strong 1, no
regeneration
}: 3/15 runes: serpentine, barnacled, silver
a: Heal Wounds, Minor Destruction, Lesser Servant of Makhleb, Major Destruction,
Greater Servant of Makhleb, Renounce Religion


You were on level 5 of the Realm of Zot.
You worshipped Makhleb.
Makhleb was exalted by your worship.
You were not hungry.

You visited 9 branches of the dungeon, and saw 46 of its levels.
You visited 1 bazaar.

You collected 4145 gold pieces.
You spent 1648 gold pieces at shops.

Inventory:

Hand Weapons
 a - a +6 broad axe of freezing (weapon)
 I - a +1 war axe
 V - a +0 antimagic broad axe
Missiles
 U - 11 throwing nets (quivered) {!f}
Armour
 h - a +5 large shield (worn)
 C - a +2 pair of boots (worn)
 D - a +2 pair of gloves (worn)
 H - a +2 cloak of poison resistance (worn)
 S - a +2 helmet of see invisible (worn)
 W - the +1 plate armour of Mumblety Peg (worn) {rElec rF+++ MP+9 Stlth-}
   (You found it on level 4 of the Shoals)

   It renders you almost immune to fire.
   It insulates you from electricity.
   It affects your magic capacity (+9).
   It makes you less stealthy.
Jewellery
 u - a +3 ring of dexterity (left hand)
 y - a +2 ring of protection (right hand)
 Y - a +5 amulet of reflection (around neck)
 Z - an uncursed amulet of the acrobat {unknown}
Wands
 r - a wand of paralysis (4)
 s - a wand of enslavement (28)
 w - a wand of flame (24)
 A - a wand of scattershot (4)
 E - a wand of polymorph (20)
 F - a wand of clouds (3)
 L - a wand of iceblast (26)
 M - a wand of acid (21)
 O - a wand of disintegration (7)
 Q - a wand of digging (3)
Scrolls
 f - 7 scrolls of fear
 k - 12 scrolls of remove curse {@r2}
 n - a scroll of summoning
 o - 7 scrolls of amnesia
 p - a scroll of immolation
 t - 14 scrolls of teleportation {@r3}
 B - a scroll of magic mapping {@r5}
 K - 2 scrolls of noise
 N - 9 scrolls of identify {@r1}
 P - a scroll of fog
Potions
 b - 3 potions of cancellation
 d - 4 potions of might {@q3}
 g - 7 potions of curing {@q1}
 i - 3 potions of lignification {@q6}
 j - 14 potions of heal wounds {@q2}
 l - 4 potions of ambrosia
 m - 10 potions of brilliance
 q - 9 potions of haste {@q4}
 x - 4 potions of invisibility
 z - 4 potions of mutation
 G - 4 potions of magic
 R - 2 potions of flight
 T - a potion of agility {@q5}
Books
 X - a manual of Shields
Miscellaneous
 c - a box of beasts
 v - 2 phantom mirrors
Comestibles
 e - 51 rations
 J - 22 chunks of flesh


   Skills:
 + Level 13.8 Fighting
 * Level 21.4 Axes
 + Level 16.0 Armour
 + Level 15.7 Dodging
 + Level 16.5 Shields
 * Level 23.5 Invocations


You had 21 spell levels left.
You didn't know any spells.
Your spell library contained the following spells:

 Spells                   Type           Power        Failure   Level  Hunger
 Animate Skeleton         Necr           N/A          99%         1    ##.....
 Apportation              Tloc           #.....       99%         1    ##.....
 Confusing Touch          Hex            #.....       99%         1    ##.....
 Freeze                   Ice            #...         99%         1    ##.....
 Shock                    Conj/Air       #...         99%         1    ##.....
 Summon Small Mammal      Summ           #...         99%         1    ##.....
 Call Imp                 Summ           #.......     100%        2    ###....
 Ensorcelled Hibernation  Hex/Ice        #.....       100%        2    ###....
 Passwall                 Tmut/Erth      #.......     100%        2    ###....
 Swiftness                Chrm/Air       #.......     100%        2    ###....
 Throw Frost              Conj/Ice       #.....       100%        2    ###....
 Call Canine Familiar     Summ           #.......     100%        3    ####...
 Ignite Poison            Fire/Tmut/Pois #.......     100%        3    ####...
 Inner Flame              Hex/Fire       #.......     100%        3    ####...
 Ozocubu's Armour         Chrm/Ice       #.......     100%        3    ####...
 Static Discharge         Conj/Air       #.......     100%        3    ####...
 Summon Guardian Golem    Hex/Summ       #.......     100%        3    ####...
 Airstrike                Air            #.........   100%        4    #####..
 Cause Fear               Hex            #.........   100%        4    #####..
 Iskenderun's Mystic Bla  Conj           #.......     100%        4    #####..
 Leda's Liquefaction      Hex/Erth       #.........   100%        4    #####..
 Summon Ice Beast         Ice/Summ       #.......     100%        4    #####..
 Summon Lightning Spire   Summ/Air       #.......     100%        4    #####..
 Throw Icicle             Conj/Ice       #.......     100%        4    #####..
 Aura of Abjuration       Summ           #.........   100%        5    ######.
 Bolt of Magma            Conj/Fire/Erth #.........   100%        5    ######.
 Fireball                 Conj/Fire      #.........   100%        5    ######.
 Irradiate                Conj/Tmut      #.........   100%        5    ######.
 Iskenderun's Battlesphe  Conj/Chrm      #.......     100%        5    ######.
 Lightning Bolt           Conj/Air       #.........   100%        5    ######.
 Silence                  Hex/Air        #.........   100%        5    ######.
 Venom Bolt               Conj/Pois      #.........   100%        5    ######.
 Yara's Violent Unravell  Hex/Tmut       #.........   100%        5    ######.
 Bolt of Fire             Conj/Fire      #.........   100%        6    #######
 Deflect Missiles         Chrm/Air       #.........   100%        6    #######
 Iron Shot                Conj/Erth      #.........   100%        6    #######
 Poison Arrow             Conj/Pois      #.........   100%        6    #######
 Statue Form              Tmut/Erth      #........    100%        6    #######
 Haunt                    Necr/Summ      #.........   100%        7    #######
 Orb of Destruction       Conj           #.........   100%        7    #######
 Ring of Flames           Chrm/Fire      #.........   100%        7    #######
 Spellforged Servitor     Conj/Summ      #.........   100%        7    #######
 Summon Hydra             Summ           #.........   100%        7    #######
 Borgnjor's Revivificati  Necr           #.........   100%        8    #######
 Chain Lightning          Conj/Air       #.........   100%        8    #######
 Death's Door             Chrm/Necr      #.........   100%        8    #######
 Discord                  Hex            #.........   100%        8    #######
 Ignition                 Fire           #.........   100%        8    #######
 Infestation              Necr           #.........   100%        8    #######
 Lehudib's Crystal Spear  Conj/Erth      #.........   100%        8    #######
 Necromutation            Tmut/Necr      #.........   100%        8    #######
 Fire Storm               Conj/Fire      #.........   100%        9    #######
 Glaciate                 Conj/Ice       #.........   100%        9    #######
 Shatter                  Erth           #.........   100%        9    #######


Dungeon Overview and Level Annotations

Branches:
Dungeon (15/15)            Temple (1/1) D:7            Lair (6/6) D:11
 Shoals (4/4) Lair:2        Snake (4/4) Lair:2        Slime (0/5) Lair:5
    Orc (2/2) D:11            Elf (0/3) Orc:2        Vaults (5/5) D:13
  Crypt (0/3) Vaults:3     Depths (5/5) D:15            Zot (5/5) Depths:5

Altars:
Ashenzari
Cheibriados
Dithmenos
Elyvilon
Makhleb
Nemelex Xobeh
Okawaru
Qazlal
Ru
Trog
Uskayaw
Vehumet
Yredelemnul
Zin
The Shining One
Beogh

Shops:
D:4 :   D:5 [   D:6 (   Orc:2 }*([   Vaults:2 =

Portals:
Hell: Depths:1 Depths:2 Depths:3
Ziggurat: Depths:3

Annotations:
Vaults:3 exclusion: orange crystal statue


Innate Abilities, Weirdness & Mutations

You are resistant to damage.
You can heal yourself by infusing magical energy.
You resist negative energy. (rN+)
You passively map a large area around you.
You do not regenerate.
You are clumsy. (Dex -2)
Your body sometimes deteriorates upon taking damage.
You are resistant to hostile enchantments. (MR+)
You are robust. (+10% HP)
Your muscles are strong. (Str +2)


Message History

The Orb Guardian is almost dead.
You slash the Orb Guardian! You freeze the Orb Guardian.
You miss the Orb Guardian. You slash the storm dragon!
You freeze the storm dragon. You block the Orb Guardian's attack. x2
The Orb Guardian hits you! The Orb Guardian closely misses you.
You block the storm dragon's attack. x2
The storm dragon completely misses you.
You slice the storm dragon!! You freeze the storm dragon.
You kill the storm dragon!
Makhleb accepts your kill.
You hit the Orb Guardian. You freeze the Orb Guardian.
You slash the Orb Guardian! You freeze the Orb Guardian.
You closely miss the Orb Guardian. You block the Orb Guardian's attack. x3
The Orb Guardian closely misses you.
The moth of wrath goads the Orb Guardian on!
The Orb Guardian goes berserk!
You barely miss the Orb Guardian.
The Orb Guardian is almost dead.
You hit the Orb Guardian. You freeze the Orb Guardian.
You hit the Orb Guardian. You freeze the Orb Guardian.
You block the Orb Guardian's attack. The Orb Guardian hits you!!
You block the Orb Guardian's attack. x2; The Orb Guardian hits you!!
The Orb Guardian barely misses you.
You hit the Orb Guardian. You freeze the Orb Guardian.
The Orb Guardian is almost dead.
You slice the moth of wrath!! You freeze the moth of wrath!
You miss the Orb Guardian. You slice the Orb Guardian!!
You freeze the Orb Guardian!
The Orb Guardian hits you but does no damage.
You block the Orb Guardian's attack. x4
You slice the Orb Guardian!! You freeze the Orb Guardian.
You kill the Orb Guardian!
Makhleb accepts your kill.
You closely miss the Orb Guardian. You slice the Orb Guardian!!
You freeze the Orb Guardian.
You open the moth of wrath like a pillowcase!!!
You freeze the moth of wrath.
You kill the moth of wrath!
Makhleb accepts your kill.
You feel better. You block the Orb Guardian's attack. x2
You hit the Orb Guardian. You freeze the Orb Guardian.
The Orb Guardian is heavily wounded.
You hit the Orb Guardian but do no damage.
You closely miss the Orb Guardian. You block the Orb Guardian's attack. x5
An Orb Guardian comes into view.
You slash the Orb Guardian! You freeze the Orb Guardian.
The Orb Guardian is severely wounded.
You slash the Orb Guardian! You freeze the Orb Guardian.
You barely miss the moth of wrath.
Your shield and plate armour of Mumblety Peg prevent you from hitting the Orb Guardian.
The Orb Guardian completely misses you. You block the Orb Guardian's attack. x2
The Orb Guardian hits you but does no damage.
You block the Orb Guardian's attack.
You hit the Orb Guardian but do no damage.
The Orb Guardian is severely wounded.
Your shield prevents you from hitting the Orb Guardian.
You hit the moth of wrath. You freeze the moth of wrath.
You slice the Orb Guardian!! You freeze the Orb Guardian.
You block the Orb Guardian's attack. The Orb Guardian hits you!!!
You block the moth of wrath's attack. The Orb Guardian completely misses you.
You block the Orb Guardian's attack. x2
You are too injured to fight recklessly!
You are too injured to fight recklessly!
You are too injured to fight recklessly!
You are too injured to fight recklessly!
You are too injured to fight recklessly!
You are too injured to fight recklessly!
You are too injured to fight recklessly!
You are too injured to fight recklessly!
You are too injured to fight recklessly!
You are too injured to fight recklessly!
You are too injured to fight recklessly!
You are too injured to fight recklessly!
You are too injured to fight recklessly!
You are too injured to fight recklessly!
You are too injured to fight recklessly!
You are too injured to fight recklessly!
You are too injured to fight recklessly!
You are too injured to fight recklessly!
You are too injured to fight recklessly!
You are too injured to fight recklessly!
The Orb Guardian enters a dispersal trap!
The Orb Guardian blinks! x2; The moth of wrath blinks!
The Orb Guardian blinks! x7
You blink.
The Orb Guardian blinks!
Found a shortbow.
Okay, then.
You feel agile all of a sudden. The Orb Guardian hits you!!!
* * * LOW HITPOINT WARNING * * *
The Orb Guardian hits you!
* * * LOW HITPOINT WARNING * * *
You block the Orb Guardian's attack. The Orb Guardian hits you!!
* * * LOW HITPOINT WARNING * * *
You feel much better. You block the Orb Guardian's attack.
The Orb Guardian barely misses you. You block the Orb Guardian's attack.
The Orb Guardian hits you!!
* * * LOW HITPOINT WARNING * * *
Your body deteriorates!
You feel dopey. The Orb Guardian hits you!!
You die...

,,**,,,,** **,,,,**,,,,,,
,,,***,,,###########...***,,,,,,,
,,,,***,,........)....***,,,,,,,,
,,,,* **.............#* *,,,,,,,,
,,,,* *........§....# *,,,,,,,,
,,,,* *#.§.........#* *,,,,,,,,
,,,,* #.....§.....# *,,,,,,,,
,,,,* ##.......XX..## *,,,,,,,,
,,,** #...y...X@X...# **,,,,,,,
,,** *#$.......§X..§## **,,,,,,
,** *.......^..§.$..# **,,,,,
##▓▓▓▓########§######## ▓▓▓****##
........#####..# ##.######.
........:..[..## #.......'.
........####### #.......#.
........# #.#####)## ........#
#......)).


You could see 5 Orb Guardians and a moth of wrath.

Vanquished Creatures
  2 ancient liches (Vaults:5)
  Boris (twice) (Vaults:2 Depths:2)
  Saint Roka (Depths:3)
  Xtahua (Depths:3)
  5 golden dragons
  2 liches
  7 tentacled monstrosities
  6 titans
  An Orb Guardian (Zot:5)
  2 quicksilver dragons
  Gastronok (D:11)
  2 sphinxes (Vaults:5)
  A death cob (Zot:4)
  Kirke (D:12)
  2 draconian monks (Zot:5)
  Donald (Orc:2)
  14 storm dragons
  6 tengu reavers
  11 fire giants
  5 shadow dragons
  A deep elf sorcerer (Vaults:1)
  12 nagarajas
  2 ghost moths
  9 frost giants
  8 vault wardens
  2 draconian knights (Zot:5)
  2 draconian scorchers
  14 stone giants
  7 very ugly things
  A draconian annihilator (Zot:5)
  8 ironheart preservers
  3 war gargoyles (Vaults:5)
  An entropy weaver (Vaults:5)
  2 deep elf demonologists
  A vampire knight (Depths:2)
  A deep elf annihilator (Vaults:1)
  A green draconian (Zot:5)
  2 purple draconians
  5 red draconians
  3 white draconians
  5 black draconians
  A dire elephant (D:15)
  6 spark wasps
  4 yellow draconians
  A dire elephant (shapeshifter) (Depths:2)
  Snorg (D:10)
  4 merfolk javelineers
  A fire dragon (Depths:2)
  3 jiangshi
  9 ettins
  2 deep elf high priests (Vaults:5)
  2 deep elf death magi (Vaults:1)
  10 yaktaur captains
  A great orb of eyes (Depths:3)
  19 naga warriors
  Josephine (D:12)
  6 ice dragons
  A rakshasa (Vaults:1)
  23 vault guards (Vaults:5)
  A catoblepas (Lair:6)
  A hell beast (Depths:3)
  3 hydras
  2 spriggan air magi
  An alligator snapping turtle (Shoals:4)
  4 centaur warriors
  8 anacondas
  A death knight (Vaults:5)
  5 tengu warriors
  Erica (Orc:1)
  A merfolk avatar (Shoals:4)
  19 two-headed ogres
  A death yak (Lair:3)
  A deep troll shaman (Depths:3)
  A satyr (Shoals:4)
  6 ogre magi
  A deep troll earth mage (Depths:3)
  Urug (Lair:2)
  A spriggan berserker (Depths:3)
  A vampire mage (Depths:2)
  6 naga sharpshooters
  Nergalle (D:12)
  A titan zombie (Vaults:4)
  2 shock serpents
  6 hell knights (Depths:1)
  4 deep elf knights
  Sonja (Lair:5)
  A salamander mystic (Snake:2)
  An iron troll (Orc:2)
  An unseen horror (shapeshifter) (Vaults:3)
  3 deep trolls
  2 deep elf archers
  12 sea snakes
  A swamp dragon (shapeshifter) (Depths:2)
  A phantasmal warrior (Vaults:5)
  3 wizards
  3 naga ritualists
  2 tengu zombies (Vaults:4)
  3 harpies
  A lindwurm (Lair:6)
  4 orc knights
  7 ironbrand convokers
  4 necromancers
  24 ugly things
  6 mana vipers
  10 deep elf magi
  2 orc sorcerers
  4 fauns (Shoals:2)
  4 wolf spiders
  6 cyclopes
  A shining eye (shapeshifter) (Vaults:3)
  7 salamanders
  A merfolk siren (Shoals:4)
  8 moths of wrath
  A guardian serpent (shapeshifter) (Vaults:5)
  11 manticores
  8 guardian serpents
  19 naga magi
  A spriggan zombie (Depths:3)
  28 black mambas
  2 water nymphs (Shoals:4)
  A human skeleton (Vaults:4)
  A centaur skeleton (D:15)
  A rust devil (Depths:3)
  9 vault sentinels
  8 spiny frogs
  Psyche (D:11)
  2 freezing wraiths
  A komodo dragon (shapeshifter) (Vaults:5)
  8 komodo dragons
  A rime drake (Lair:6)
  A spriggan skeleton (Depths:1)
  26 yaktaurs
  2 tengu conjurers
  A jumping spider (Vaults:5)
  A red devil (Depths:3)
  16 trolls
  19 merfolk
  A polar bear (Lair:6)
  9 hornets
  A slime creature (shapeshifter) (Depths:5)
  A sphinx simulacrum (Depths:3)
  4 wind drakes
  Prince Ribbit (D:7)
  28 slime creatures
  4 hippogriffs
  4 snapping turtles
  An ice dragon skeleton (Depths:1)
  A redback (Vaults:5)
  2 vampires
  Sigmund (D:6)
  5 wraiths
  3 wyverns
  A flying skull (Vaults:3)
  2 shadows
  2 spriggans (Depths:3)
  A basilisk (Lair:2)
  A hog (D:12)
  3 water elementals
  49 yaks
  A basilisk (shapeshifter) (Vaults:1)
  3 hungry ghosts
  4 vampire mosquitoes (D:13)
  9 wargs
  A soldier ant (D:9)
  43 nagas
  9 water moccasins
  7 porcupines
  24 orc warriors
  An eye of draining (D:10)
  3 phantoms
  2 ice beasts
  4 sky beasts
  A sky beast (shapeshifter) (Vaults:1)
  An ice dragon simulacrum (Depths:1)
  A necrophage (D:9)
  36 ogres
  7 wolves
  3 boggarts (Vaults:1)
  9 crocodiles
  11 centaurs
  3 big kobolds
  17 bullfrogs
  3 scorpions
  2 wyvern skeletons
  10 killer bees
  4 electric eels
  5 wights (D:10)
  2 howler monkeys
  2 centaur zombies
  3 bullfrog zombies
  8 crimson imps
  3 jellies
  6 hounds
  13 orc priests
  2 bullfrog skeletons (D:10)
  23 orc wizards
  Natasha (twice) (D:4)
  11 iguanas
  7 worker ants
  5 hound skeletons
  4 gnolls (D:2)
  A worker ant zombie (D:5)
  11 adders
  4 shadow imps
  An ooze (D:1)
  An adder skeleton (D:5)
  5 worms
  2 dart slugs
  6 leopard geckos
  75 orcs
  9 bats
  6 giant cockroaches
  4 goblins
  9 hobgoblins
  8 jackals
  3 quokkas
  A ball python (D:1)
  3 frilled lizards
  23 kobolds
  A quokka skeleton (D:4)
  2 rats (D:2)
  A fungus (Lair:6)
  6 plants
1252 creatures vanquished.

Vanquished Creatures (collateral kills)
  A sphinx (Vaults:5)
  A shadow dragon (Vaults:5)
  4 nagarajas (Snake:4)
  2 very ugly things (Vaults:5)
  A merfolk javelineer (Shoals:4)
  2 merfolk impalers (Shoals:4)
  A deep elf high priest (Vaults:5)
  Erolcha (Orc:1)
  A vault guard (Vaults:5)
  A merfolk avatar (Lair:6)
  A merfolk aquamancer (Shoals:4)
  2 hydras
  A satyr (Shoals:4)
  2 death yaks (Lair:3)
  5 naga sharpshooters (Snake:4)
  4 sea snakes
  A naga ritualist (Snake:1)
  A harpy (Lair:6)
  An elephant (Lair:6)
  2 guardian serpents (Snake:4)
  A naga mage (Snake:3)
  A spiny frog (Lair:6)
  3 rime drakes
  3 komodo dragons
  A wind drake (Lair:6)
  2 hornets (Lair:6)
  3 polar bears (Lair:6)
  A merfolk (Shoals:4)
  A snapping turtle (Shoals:4)
  4 yaks (Lair:6)
  17 nagas
  3 water moccasins
  An orc warrior (Orc:1)
  2 ogres (Orc:1)
  A crocodile (Lair:6)
  A crimson imp (D:10)
  An orc priest (Orc:1)
  An orc wizard (Orc:1)
  4 orcs (Orc:1)
86 creatures vanquished.

Vanquished Creatures (others)
  An orc warlord (Orc:2)
  2 vault wardens
  A merfolk impaler (Shoals:4)
  A centaur warrior (Vaults:1)
  A harpy (Shoals:4)
  A cyclops (Orc:2)
  2 black mambas
  A guardian serpent (Snake:4)
  7 yaktaurs
  A merfolk (Shoals:2)
  A spriggan (Depths:3)
  A human (D:12)
  A naga (Snake:4)
  An orc warrior (Orc:2)
  2 ogres (Orc:2)
  3 centaurs
  An orc priest (Orc:2)
  An orc (Vaults:2)
  A kobold (D:8)
  A bush (Shoals:4)
  10 fungi
  18 plants
59 creatures vanquished.

Grand Total: 1397 creatures vanquished

Notes
Turn   | Place    | Note
-------+----------+-------------------------------------------
     0 | D:1      | EnegeticOcto the Deep Dwarf Fighter began the quest for the
                  | Orb.
     0 | D:1      | Reached XP level 1. HP: 20/20 MP: 1/1
   158 | D:1      | Reached XP level 2. HP: 21/27 MP: 2/2
   381 | D:1      | Reached XP level 3. HP: 31/33 MP: 2/2
   452 | D:1      | Reached skill level 1 in Dodging
   880 | D:2      | Found a shattered altar of Ashenzari.
   915 | D:2      | Reached XP level 4. HP: 32/42 MP: 3/3
  1300 | D:3      | Reached XP level 5. HP: 48/49 MP: 4/4
  1940 | D:4      | Noticed an ogre
  1949 | D:4      | HP: 1/49 [ogre/+0 giant club (19)]
  1953 | D:4      | Killed an ogre
  1953 | D:4      | Reached XP level 6. HP: 56/56 MP: 5/5
  1983 | D:4      | Found a hide-covered altar of Uskayaw.
  2022 | D:4      | Found Jilim's Book Shop.
  2196 | D:4      | Reached skill level 5 in Axes
  2202 | D:4      | Noticed Natasha
  2213 | D:4      | Killed Natasha
  2214 | D:4      | Found a basalt altar of Yredelemnul.
  2402 | D:4      | Noticed Natasha
  2419 | D:4      | Killed Natasha
  2419 | D:4      | Reached XP level 7. HP: 29/63 MP: 6/6
  2503 | D:5      | Entered Level 5 of the Dungeon
  2595 | D:5      | Reached skill level 5 in Armour
  2595 | D:5      | Reached skill level 5 in Shields
  2642 | D:5      | Found Jeapnain's Armour Shop.
  2642 | D:5      | Noticed a hippogriff
  2660 | D:5      | Killed a hippogriff
  2734 | D:5      | Reached XP level 8. HP: 33/72 MP: 7/7
  3067 | D:6      | Noticed Sigmund
  3095 | D:6      | Killed Sigmund
  3121 | D:6      | Found Cateraco's Weapon Emporium.
  3782 | D:7      | Noticed Prince Ribbit
  3840 | D:7      | Killed Prince Ribbit
  3840 | D:7      | Reached skill level 5 in Fighting
  3840 | D:7      | Reached skill level 5 in Dodging
  3840 | D:7      | Gained mutation: You passively map the area around you.
                  | [Deep Dwarf growth]
  3840 | D:7      | Reached XP level 9. HP: 44/81 MP: 7/7
  3900 | D:7      | Found a sparkling altar of Nemelex Xobeh.
  3930 | D:7      | Found a staircase to the Ecumenical Temple.
  3969 | Temple   | Entered the Ecumenical Temple
  4029 | Temple   | Became a worshipper of Makhleb the Destroyer
  4369 | D:7      | Found a shadowy altar of Dithmenos.
  4464 | D:8      | Found a white marble altar of Elyvilon.
  4661 | D:8      | Reached skill level 1 in Invocations
  4769 | D:8      | Reached skill level 2 in Invocations
  5146 | D:8      | Reached skill level 3 in Invocations
  5720 | D:9      | Reached * piety under Makhleb
  5735 | D:9      | Reached skill level 4 in Invocations
  5969 | D:9      | Noticed a troll
  5979 | D:9      | Killed a troll
  6125 | D:9      | Reached skill level 5 in Invocations
  6125 | D:9      | Reached XP level 10. HP: 76/91 MP: 7/7
  6172 | D:8      | Found a shattered altar of Ashenzari.
  6468 | D:9      | Paralysed by a hornet for 2 turns
  6628 | D:10     | Entered Level 10 of the Dungeon
  6636 | D:10     | Noticed Snorg
  6661 | D:10     | Reached skill level 6 in Invocations
  6671 | D:10     | Killed Snorg
  6767 | D:10     | Reached ** piety under Makhleb
  6830 | D:10     | Reached skill level 10 in Axes
  6830 | D:10     | Reached skill level 7 in Invocations
  7177 | D:10     | Reached *** piety under Makhleb
  7215 | D:10     | Reached XP level 11. HP: 71/99 MP: 10/10
  7217 | D:10     | Reached skill level 8 in Invocations
  7632 | D:11     | Noticed a green ugly thing
  7650 | D:11     | Killed a green ugly thing
  7748 | D:11     | Reached **** piety under Makhleb
  7785 | D:11     | Reached skill level 9 in Invocations
  8035 | D:11     | Noticed Gastronok
  8053 | D:11     | Killed Gastronok
  8087 | D:11     | Noticed Psyche
  8096 | D:11     | Killed Psyche
  8096 | D:11     | Reached skill level 10 in Invocations
  8401 | D:11     | Found a staircase to the Lair.
  8570 | D:11     | Found a staircase to the Orcish Mines.
  8639 | D:12     | Noticed a centaur warrior
  8649 | D:12     | Killed a centaur warrior
  8649 | D:12     | Reached XP level 12. HP: 98/109 MP: 9/9
  8654 | D:12     | Noticed Josephine
  8667 | D:12     | Killed Josephine
  8733 | D:12     | Noticed Kirke
  8733 | D:12     | Noticed Nergalle
  8747 | D:12     | Killed Kirke
  8757 | D:12     | Killed Nergalle
  8757 | D:12     | Reached skill level 11 in Invocations
  8893 | D:12     | Reached ***** piety under Makhleb
  9072 | D:12     | Gained mutation: You are robust. (+10% HP) [potion of
                  | mutation]
  9072 | D:12     | Gained mutation: Your muscles are strong. (Str +2) [potion
                  | of mutation]
  9072 | D:12     | Gained mutation: You are resistant to hostile enchantments.
                  | (MR+) [potion of mutation]
  9460 | Orc:1    | Entered Level 1 of the Orcish Mines
  9460 | Orc:1    | Noticed Erolcha
  9465 | Orc:1    | Killed Erolcha
  9788 | Orc:2    | Entered Level 2 of the Orcish Mines
  9853 | Orc:2    | Noticed an ogre mage
  9854 | Orc:2    | Noticed a balrug
  9858 | Orc:2    | Noticed Donald
  9859 | Orc:2    | Found a bloodstained altar of Trog.
  9861 | Orc:2    | HP: 6/121 [balrug/fireball[the player character] (38)]
  9862 | Orc:2    | Found Vaelees's Assorted Antiques.
  9862 | Orc:2    | Noticed a two-headed ogre
  9862 | Orc:2    | Noticed a two-headed ogre
  9862 | Orc:2    | Noticed a two-headed ogre
  9862 | Orc:2    | Noticed a two-headed ogre
  9862 | Orc:2    | Noticed a two-headed ogre
  9862 | Orc:2    | Noticed a two-headed ogre
  9863 | Orc:2    | Noticed an ogre mage
  9864 | Orc:2    | Noticed a two-headed ogre
  9866 | Orc:2    | Found a staircase to the Elven Halls.
  9886 | Orc:1    | Found a roughly hewn altar of Beogh.
  9910 | Orc:1    | Found a burning altar of Makhleb.
  9938 | Orc:1    | Noticed Erica
  9959 | Orc:1    | Killed Erica
  9959 | Orc:1    | Reached skill level 12 in Invocations
 10257 | Orc:2    | Noticed an orc warlord
 10265 | Orc:2    | Killed a two-headed ogre
 10273 | Orc:2    | Reached XP level 13. HP: 101/128 MP: 9/9
 10275 | Orc:2    | Noticed a cacodemon
 10287 | Orc:2    | Killed an orc warlord
 10292 | Orc:2    | Gained mutation: Your body sometimes deteriorates upon
                  | taking damage. [a cacodemon]
 10296 | Orc:2    | Gained mutation: You are clumsy. (Dex -2) [a cacodemon]
 10430 | Orc:2    | Found Jino Qitt's Armour Shop.
 10432 | Orc:2    | Found Lontostre's Weapon Shoppe.
 10441 | Orc:2    | Found Zoce's Gadget Shop.
 10454 | Orc:2    | Reached skill level 10 in Shields
 10469 | Orc:2    | Reached skill level 10 in Armour
 10484 | Orc:2    | Reached skill level 13 in Invocations
 10492 | Orc:2    | Bought a glowing cloak for 172 gold pieces
 10492 | Orc:2    | Bought a scroll of teleportation for 69 gold pieces
 10492 | Orc:2    | Bought a scroll of teleportation for 69 gold pieces
 10492 | Orc:2    | Bought a potion of haste for 230 gold pieces
 10492 | Orc:2    | Bought a small moonstone ring for 115 gold pieces
 10492 | Orc:2    | Bought a scroll labeled REMAPU YPPUEJ for 23 gold pieces
 10595 | Orc:2    | Killed Donald
 10679 | Lair:1   | Entered Level 1 of the Lair of Beasts
 11498 | Lair:2   | Found a staircase to the Snake Pit.
 11627 | Lair:2   | Noticed Urug
 11634 | Lair:2   | Killed Urug
 11977 | Lair:2   | Found a staircase to the Shoals.
 12567 | Lair:3   | Gained mutation: You resist negative energy. (rN+) [Deep
                  | Dwarf growth]
 12567 | Lair:3   | Reached XP level 14. HP: 139/139 MP: 11/11
 12570 | Lair:3   | Reached skill level 10 in Dodging
 13331 | Lair:4   | Reached skill level 14 in Invocations
 13857 | Lair:5   | Found a staircase to the Slime Pits.
 14003 | Lair:5   | Noticed Sonja
 14016 | Lair:5   | Killed Sonja
 14540 | Lair:6   | Entered Level 6 of the Lair of Beasts
 15526 | Snake:1  | Entered Level 1 of the Snake Pit
 15543 | Snake:1  | Reached skill level 15 in Invocations
 15672 | Snake:2  | Noticed a nagaraja
 15684 | Snake:2  | Killed a nagaraja
 15684 | Snake:2  | Reached XP level 15. HP: 149/149 MP: 13/13
 15704 | Snake:2  | Reached skill level 15 in Axes
 15727 | Snake:2  | Found a glowing silver altar of Zin.
 15955 | Snake:3  | Reached ****** piety under Makhleb
 16200 | Snake:3  | Noticed a nagaraja
 16221 | Snake:3  | Killed a nagaraja
 16340 | Snake:3  | Reached skill level 16 in Invocations
 16507 | Snake:3  | Reached skill level 10 in Fighting
 16865 | Snake:3  | Noticed a nagaraja
 16877 | Snake:3  | Noticed a nagaraja
 16895 | Snake:3  | Noticed a nagaraja
 16896 | Snake:3  | Killed a nagaraja
 16899 | Snake:3  | Killed a nagaraja
 16907 | Snake:3  | Killed a nagaraja
 16907 | Snake:3  | Reached XP level 16. HP: 106/160 MP: 9/9
 17079 | Snake:4  | Entered Level 4 of the Snake Pit
 17126 | Snake:4  | Reached skill level 17 in Invocations
 17246 | Snake:4  | Got a serpentine rune of Zot
 17443 | Shoals:1 | Entered Level 1 of the Shoals
 17863 | Shoals:4 | Entered Level 4 of the Shoals
 17963 | Shoals:4 | Got a pitted plate armour
 17964 | Shoals:4 | Identified the +1 plate armour of Mumblety Peg {rElec rF+++
                  | MP+9 Stlth-} (You found it on level 4 of the Shoals)
 18206 | Shoals:4 | Reached skill level 18 in Invocations
 18224 | Shoals:4 | Reached XP level 17. HP: 108/171 MP: 10/10
 18380 | Shoals:4 | Got a barnacled rune of Zot
 18676 | D:13     | Found a gate to the Vaults.
 18736 | Vaults:1 | Entered Level 1 of the Vaults
 18799 | Vaults:1 | Noticed a Brimstone Fiend
 19300 | Vaults:2 | Reached skill level 19 in Invocations
 19343 | Vaults:2 | Found Anounk's Jewellery Emporium.
 19392 | Vaults:2 | Noticed Boris
 19415 | Vaults:2 | Killed Boris
 19799 | Vaults:3 | Gained mutation: You passively map a large area around you.
                  | [Deep Dwarf growth]
 19799 | Vaults:3 | Reached XP level 18. HP: 181/181 MP: 9/9
 19832 | Vaults:3 | Found a staircase to the Crypt.
 20103 | Vaults:3 | Found a flickering gateway to a bazaar.
 20218 | Bazaar   | Entered a bazaar
 20231 | Bazaar   | Found Ebax Kism's Assorted Antiques.
 20231 | Bazaar   | Found Zetiz's Distillery.
 20237 | Bazaar   | Bought a potion of heal wounds for 90 gold pieces
 20267 | Bazaar   | Found Vokepnenk's Antique Armour Shoppe.
 20267 | Bazaar   | Found Keji's General Store.
 20285 | Bazaar   | Bought a potion of haste for 190 gold pieces
 20304 | Bazaar   | Bought a scroll of magic mapping for 63 gold pieces
 20304 | Bazaar   | Bought a potion of agility for 72 gold pieces
 20304 | Bazaar   | Bought a scroll of enchant armour for 135 gold pieces
 20316 | Bazaar   | Bought a potion of heal wounds for 60 gold pieces
 20316 | Bazaar   | Bought a potion of haste for 120 gold pieces
 20316 | Bazaar   | Bought a potion of agility for 48 gold pieces
 20316 | Bazaar   | Bought a potion of mutation for 96 gold pieces
 20316 | Bazaar   | Bought a potion of mutation for 96 gold pieces
 20509 | Vaults:5 | Entered Level 5 of the Vaults
 20587 | Vaults:5 | Identified the amulet of Muac {Acrobat Int+4}
 20593 | Vaults:5 | Noticed a tentacled monstrosity
 20595 | Vaults:5 | Reached skill level 20 in Invocations
 20612 | Vaults:5 | Killed a tentacled monstrosity
 20745 | Vaults:5 | Noticed an ancient lich
 20747 | Vaults:5 | Reached XP level 19. HP: 138/192 MP: 10/10
 20756 | Vaults:5 | Killed an ancient lich
 20776 | Vaults:5 | Noticed an ancient lich
 20818 | Vaults:5 | Killed an ancient lich
 20844 | Vaults:5 | Noticed a golden dragon
 20880 | Vaults:5 | Killed a golden dragon
 21060 | Vaults:5 | Reached skill level 21 in Invocations
 21168 | Vaults:5 | Identified the +6 hand crossbow of Blind Justice {elec, rC+
                  | Dex+2}
 21353 | Vaults:5 | Identified the +7 broad axe of Moppunlo {pain, Dex+4
                  | Stlth+}
 21454 | Vaults:5 | Identified the +0 shield of a Labyrinth {rF+ Regen+ Str+9
                  | Slay-5} (You acquired it on level 5 of the Vaults)
 21459 | Vaults:5 | Identified the +0 hat of the Heron {rPois Int+6} (You
                  | acquired it on level 5 of the Vaults)
 21553 | Vaults:5 | Identified the Guide on Creative Snow
 21689 | Vaults:5 | Identified the Collected Works on Battle Magic and the
                  | Escort
 21779 | Vaults:5 | Reached XP level 20. HP: 204/204 MP: 9/9
 21801 | Vaults:5 | Got a silver rune of Zot
 22068 | D:15     | Entered Level 15 of the Dungeon
 22485 | D:15     | Found a staircase to the Depths.
 22638 | Depths:1 | Entered Level 1 of the Depths
 22783 | Depths:1 | Found a glowing golden altar of the Shining One.
 22793 | Depths:1 | Found a gateway to Hell.
 22974 | Depths:2 | Noticed a golden dragon
 23110 | Depths:2 | Reached skill level 15 in Armour
 23131 | Depths:2 | Noticed Boris
 23158 | Depths:2 | Killed Boris
 23158 | Depths:2 | Reached skill level 15 in Shields
 23222 | Depths:2 | Identified the Compendium of Torrid Transmutation
 23298 | Depths:2 | Reached skill level 22 in Invocations
 23750 | Depths:3 | Noticed Saint Roka
 23779 | Depths:3 | Killed Saint Roka
 23799 | Depths:3 | Found a gateway to a ziggurat.
 23805 | Depths:3 | Noticed Xtahua
 23814 | Depths:3 | Killed Xtahua
 23875 | Depths:3 | Reached skill level 15 in Dodging
 23914 | Depths:3 | Reached XP level 21. HP: 116/213 MP: 11/11
 24252 | Depths:3 | You fall into a shaft and drop 2 floors!
 24252 | Depths:5 | Entered Level 5 of the Depths
 24268 | Depths:5 | Found a gate to the Realm of Zot.
 24268 | Depths:5 | Noticed a golden dragon
 24269 | Depths:5 | Noticed a golden dragon
 24286 | Depths:5 | Killed a golden dragon
 24288 | Depths:5 | Killed a golden dragon
 24295 | Zot:1    | Entered Level 1 of the Realm of Zot
 24402 | Zot:3    | Reached skill level 23 in Invocations
 24540 | Zot:5    | Entered Level 5 of the Realm of Zot
 25004 | Zot:5    | Noticed a golden dragon
 25015 | Zot:5    | Killed a golden dragon
 25030 | Zot:5    | Noticed a golden dragon
 25056 | Zot:5    | Reached XP level 22. HP: 225/225 MP: 12/12
 25075 | Zot:5    | Killed a golden dragon
 25252 | Zot:5    | HP: 4/225 [Orb Guardian (32)]
 25253 | Zot:5    | Annihilated by an Orb Guardian

Levels and vault maps discovered:
D:1:      giann_wishing_wells, layout_basic, hex_medium
D:2:      layout_basic, ashenzari_conservatory_becter
D:3:      layout_basic, dk_noncrumbling_3
D:4:      layout_rooms, nicolae_overflow_hidden_temple,
          eat_drink_and_be_merry_uskayaw, serial_shops, shop,
          minmay_misc_feat_columns, uniq_natasha
D:5:      layout_rooms, serial_shops, shop, first_ration
D:6:      layout_basic, serial_shops, kennysheep_mini, uniq_sigmund
D:7:      layout_loops_ring, kennysheep_mini_moat, minmay_temple_entry_mist,
          dk_vineyard_3, nemelex_spade_bored_becter, uniq_prince_ribbit1
D:8:      lemuel_upstairs_altar, layout_basic, elyvilon_altar_4
D:9:      layout_cave_pods, hangedman_pestilent_swarm
D:10:     minmay_flawed_box, layout_loops_ring, uniq_snorg
D:11:     layout_irregular_city, grunt_lair_entry_orc_guard_hut,
          hiddenorc1_lemuel, uniq_gastronok, uniq_psyche
D:12:     layout_roguey, uniq_kirke, uniq_josephine, uniq_nergalle
D:13:     layout_big_octagon, skrybe_vaults_entry_preservation
D:14:     layout_layer_cave
D:15:     hangedman_depths_entry_try_elsewhere_first, layout_layer_cave,
          chequers_serial_rivers_micro_e, chequers_serial_rivers_small_a
Temple:   dshaligram_water_room_temple
Lair:1:   layout_roguey, infiniplex_staircase_pool
Lair:2:   layout_cave_pods, minmay_shoals_entry_hut,
          minmay_snake_entry_guardpost_medium, chequers_serial_rivers_small_b,
          uniq_urug
Lair:3:   beast_lair_carwin_large_3, layout_cave_pods, ldierk_geyser,
          lemuel_fruit_tree
Lair:4:   layout_regular_city, serial_bayou_lake_a
Lair:5:   layout_gridlike, slime_dummy, chequers_serial_rivers_room_a,
          minivault_27, uniq_sonja
Lair:6:   gammafunk_lair_ancient_temple, layout_loops_ring
Shoals:1: layout_shoals
Shoals:2: layout_shoals, nicolae_shoals_flooded_hall
Shoals:3: layout_shoals, nicolae_shoals_stone_sculpture_thing, st_cyclops
Shoals:4: shoals_end_grunt_ice, layout_shoals, yaktaur_hedge
Snake:1:  layout_cave_shapes, serial_shops, nicolae_shop_statue_plus,
          evilmike_ambush [evilmike_ambush_outer_basic,
          evilmike_ambush_inner_basic], minmay_shop_star
Snake:2:  layout_grid_maze, basic_altar
Snake:3:  nicolae_cobra_stairs, layout_honeycomb
Snake:4:  grunt_snake_rune_pools, layout_misc_corridors,
          hangedman_snake_wide_pillar_pass, nicolae_snake_springs,
          uniq_bai_suzhen
Orc:1:    layout_caves, basic_altar, abandoned_shop, bloody_makhleb,
          uniq_erolcha, uniq_erica
Orc:2:    st_orc_open, layout_caves, basic_altar, uniq_donald
Vaults:1: v_misc_17, vaults_room_door_ring, hangedman_vaults_snaps,
          ontoclasm_vaults_loading_screen, dpeg_vaults_monster_box,
          layout_vaults_chaotic_city
Vaults:2: ontoclasm_vaults_tryst, v_misc_27, v_misc_25, hangedman_vaults_stream,
          ontoclasm_vaults_pinch, v_misc_9, v_rooms_5,
          nicolae_vaults_shelves_hall, vaults_room_semicircle,
          layout_vaults_omnigrid, serial_shops, shop_coins, shop,
          nicolae_shop_stone, uniq_boris
Vaults:3: nicolae_vaults_three_branches, nicolae_vaults_specimen_jars,
          hangedman_vaults_nails, nicolae_vaults_inception_statues, v_misc_26,
          minmay_crypt_entry_simple_box, grunt_vaults_swirl, v_rooms_3,
          v_misc_17, nicolae_vaults_mini_display_case,
          nicolae_vaults_statue_guard, v_misc_22, layout_vaults_omnibox,
          serial_shops, freezing_bzr
Vaults:4: nicolae_vaults_diagonal_hallway_6, nicolae_vaults_big_angled_halls,
          v_rooms_1, ontoclasm_vaults_hangar, vaults_room_pools,
          vaults_room_stairs_pillars, v_misc_16,
          hangedman_vaults_stretched_pinwheel, ontoclasm_vaults_loading_screen,
          grunt_vaults_diagonal, nicolae_vaults_little_squares_1,
          nicolae_vaults_yaktaur_gun_rack, ontoclasm_vaults_shuriken,
          layout_vaults_maze, mu_enter_wizlab_4
Vaults:5: serial_shops
Depths:1: layout_honeycomb, ebering_ghost_xom, nicolae_wwwww, hell_entry,
          hangedman_abyss_or_decor_lesser_grid, tso_metal_star,
          infiniplex_staircase_pool_lava, uniq_sojobo, uniq_enchantress
Depths:2: minmay_strange_plus, layout_basic, kennysheep_cross_room,
          serial_shops, shop, hell_entry
Depths:3: grunt_house_of_mirrors, layout_gridlike, enter_ziggurat_b,
          grunt_mini_vestibule, pan_entry, corexii_hall_statues_x, uniq_xtahua,
          uniq_saint_roka
Depths:5: grunt_zot_entry_tricorne, layout_cave_pools, abyss_entry,
          hangedman_tar_grid_catacomb, minmay_misc_feat_diagonals
Zot:1:    layout_misc_corridors
Zot:2:    layout_cathedral_of_symmetry, ebering_ghost_xom
Zot:3:    layout_onion, chequers_guarded_unrand_mask_of_the_dragon,
          grunt_megastairs_3
Zot:4:    kennysheep_ambush_hall, layout_twisted_circle,
          hangedman_zot_decor_checkerboard
Zot:5:    layout_gridlike

Skill      XL: |  1  2  3  4  5  6  7  8  9 10 11 12 13 14 15 16 17 18 19 20 21 22 |
---------------+-------------------------------------------------------------------+-----
Dodging        | 1 2 3 5 6 8 9 10 11 12 13 14 15 | 15.7
Axes           | 3 4 5 6 7 9 10 11 12 13 14 16 17 18 19 20 21 | 21.4
Fighting       | 3 4 5 6 7 8 9 10 11 12 13 | 13.8
Armour         | 4 5 6 7 8 9 10 11 12 13 14 15 16 | 16.0
Shields        | 4 5 6 7 8 9 10 11 12 13 14 15 16 | 16.5
Invocations    | 5 7 10 12 13 15 16 18 19 20 21 22 23 | 23.5

Action                   |  1- 3 |  4- 6 |  7- 9 | 10-12 | 13-15 | 16-18 | 19-21 | 22-24 || total
-------------------------+-------+-------+-------+-------+-------+-------+-------+-------++-------
Melee: War axe           |   119 |   204 |   424 |   937 |   132 |       |       |       ||  1816
       Broad axe         |       |       |       |       |   867 |  1084 |  1519 |    69 ||  3539
Invok: Greater Servant o |       |       |       |     2 |     8 |     9 |     2 |       ||    21
       Lesser Servant of |       |       |       |       |     3 |     1 |       |       ||     4
       Major Destruction |       |       |       |       |     4 |       |       |       ||     4
 Abil: Heal Wounds       |     1 |     4 |    26 |    15 |    23 |    13 |    15 |     1 ||    98
Evoke: Wand              |       |       |       |     3 |     3 |     1 |       |       ||     7
  Use: Scroll            |       |       |    17 |     9 |     9 |    15 |    17 |       ||    67
       Potion            |       |       |     1 |     3 |     4 |     6 |       |     1 ||    15
 Stab: Invisible         |       |       |       |     5 |    10 |       |       |       ||    15
       Distracted        |       |       |       |       |     3 |     8 |     1 |       ||    12
       Petrified         |       |       |       |       |     2 |       |       |       ||     2
       Paralysed         |       |       |       |       |     2 |       |       |       ||     2
       Petrifying        |       |       |       |       |     1 |       |       |       ||     1
  Eat: Chunk             |       |     6 |     6 |    16 |    19 |     7 |    12 |       ||    66
       Ration            |       |       |     2 |     1 |     1 |     2 |     4 |       ||    10
Armor: Scale mail        |    35 |       |       |       |       |       |       |       ||    35
       Chain mail        |    43 |   143 |   175 |       |       |       |       |       ||   361
       Plate armour      |       |       |   168 |   425 |   532 |   629 |   581 |    26 ||  2361
Dodge: Dodged            |    31 |    58 |   151 |   345 |   509 |   389 |   422 |    30 ||  1935
Block: Shield            |    60 |   106 |   275 |   577 |   807 |       |       |       ||  1825
       Large shield      |       |       |       |       |       |  1540 |  1626 |    98 ||  3264
       Reflection        |       |       |       |       |       |   107 |    43 |     1 ||   151

Table legend:
 A = Non-vault XP
 B = Vault XP
 C = Vault XP percentage of total XP
 D = Non-vault monster count
 E = Vault monster count
 F = Vault count percentage of total count
                 A         B        C        D         E       F
            +---------+---------+-------+---------+---------+-------
      Total |  363550 |  363495 |  50.0 |     912 |     441 |  32.6
            +---------+---------+-------+---------+---------+-------
        D:1 |      48 |       0 |   0.0 |      24 |       0 |   0.0
        D:2 |     135 |       0 |   0.0 |      27 |       0 |   0.0
        D:3 |      44 |       0 |   0.0 |      10 |       0 |   0.0
        D:4 |     499 |      37 |   6.9 |      22 |       1 |   4.3
        D:5 |    1156 |       0 |   0.0 |      27 |       0 |   0.0
        D:6 |     401 |     223 |  35.7 |      14 |       1 |   6.7
        D:7 |     166 |     277 |  62.5 |       6 |       1 |  14.3
        D:8 |    1040 |       0 |   0.0 |      24 |       0 |   0.0
        D:9 |    1821 |    1007 |  35.6 |      25 |       4 |  13.8
       D:10 |    5335 |    1073 |  16.7 |      55 |       5 |   8.3
       D:11 |    4710 |    3576 |  43.2 |      39 |      24 |  38.1
       D:12 |    5571 |    4841 |  46.5 |      24 |       7 |  22.6
       D:13 |    2941 |    3910 |  57.1 |      17 |       9 |  34.6
       D:14 |     237 |       0 |   0.0 |       2 |       0 |   0.0
       D:15 |   10682 |    2718 |  20.3 |      28 |       3 |   9.7
     Lair:1 |    5312 |       0 |   0.0 |      25 |       0 |   0.0
     Lair:2 |    1212 |    1467 |  54.8 |       6 |       7 |  53.8
     Lair:3 |    4733 |    1769 |  27.2 |      14 |       9 |  39.1
     Lair:4 |    3262 |       0 |   0.0 |      19 |       0 |   0.0
     Lair:5 |    2383 |     788 |  24.9 |      16 |       1 |   5.9
     Lair:6 |    5348 |    9037 |  62.8 |      21 |      28 |  57.1
   Shoals:2 |    5870 |    2076 |  26.1 |      15 |       7 |  31.8
   Shoals:3 |     290 |       0 |   0.0 |       1 |       0 |   0.0
   Shoals:4 |    4008 |   20589 |  83.7 |      11 |      35 |  76.1
    Snake:1 |    2464 |   10353 |  80.8 |       5 |      20 |  80.0
    Snake:2 |   10540 |       0 |   0.0 |      18 |       0 |   0.0
    Snake:3 |   29855 |   14640 |  32.9 |      63 |      17 |  21.2
    Snake:4 |    6611 |   32153 |  82.9 |      16 |      58 |  78.4
      Orc:1 |    2876 |    1533 |  34.8 |      39 |       2 |   4.9
      Orc:2 |    2174 |   14710 |  87.1 |      17 |      35 |  67.3
   Vaults:1 |   22347 |    8294 |  27.1 |      48 |       8 |  14.3
   Vaults:2 |    7945 |    6462 |  44.9 |      15 |       1 |   6.2
   Vaults:3 |   17452 |   14819 |  45.9 |      27 |      18 |  40.0
   Vaults:4 |    8377 |       0 |   0.0 |      12 |       0 |   0.0
   Vaults:5 |   23353 |  134446 |  85.2 |      29 |      87 |  75.0
   Depths:1 |   13564 |       0 |   0.0 |      23 |       0 |   0.0
   Depths:2 |   28098 |   10132 |  26.5 |      31 |       8 |  20.5
   Depths:3 |   33570 |   45329 |  57.5 |      45 |      35 |  43.8
   Depths:5 |       0 |   14743 | 100.0 |       0 |       9 | 100.0
      Zot:1 |    8810 |       0 |   0.0 |       4 |       0 |   0.0
      Zot:2 |    4861 |       0 |   0.0 |       2 |       0 |   0.0
      Zot:3 |   10168 |       0 |   0.0 |       8 |       0 |   0.0
      Zot:4 |   14951 |       0 |   0.0 |       8 |       0 |   0.0
      Zot:5 |   48330 |    2493 |   4.9 |      30 |       1 |   3.2
            +---------+---------+-------+---------+---------+-------
